 Dungeon Crawl Stone Soup version 0.27-a0-1291-geefcff550b (webtiles) character file.

Game seed: 9890275860886039213

1508 dickylongcocking the Fighter (level 9, 0/162 HPs)
             Began as a Djinni Fire Elementalist on June 15, 2021.
             Slain by a sky beast (5 damage)
             ... on level 5 of the Dungeon.
             The game lasted 00:05:58 (6943 turns).

dickylongcocking the Fighter (DjFE)                 Turns: 6943, Time: 00:06:00

Health: 0/162      AC: 24    Str:  7    XL:     9   Next: 9%
Gold:   156        EV:  2    Int: 20    God:
                   SH:  0    Dex: 14

rFire    . . .     SeeInvis .   (no weapon)
rCold    . . .     Faith    .   (no shield)
rNeg     + + +     Spirit   .   (armour currently unavailable)
rPois    ∞         Reflect  .   (helmet currently unavailable)
rElec    .         Harm     .   (cloak currently unavailable)
rCorr    +         Rampage  .   (gloves currently unavailable)
Will     .....     NoTele   +   (boots unavailable)
Stlth    ..........             (no amulet)
HPRegen  0.37/turn              f - ring of positive energy
MPRegen  0.00/turn              e - ring of resist corrosion

@: berserking, tree-form, very quick
A: stationary, stasis, torment immunity, boosted hp, sickness immunity, (fire
resistance 2), (cold vulnerability 1), float, innate caster, hp casting, extra
vitality 1
a: no special abilities


You were on level 5 of the Dungeon.
You were a tree.
You visited 1 branch of the dungeon, and saw 5 of its levels.

You collected 282 gold pieces.
You spent 126 gold pieces at shops.

Inventory:

Hand Weapons
 b - a +0 dagger
Armour
 a - a +0 robe (melded)
 c - a +0 helmet of intelligence (melded)
 d - a +0 pair of gloves (melded)
Jewellery
 e - a ring of resist corrosion (right branch)
 f - a ring of positive energy (left branch)
 j - a ring of fire
Scrolls
 g - a scroll of identify {unknown}
 h - a scroll of teleportation {unknown}
 l - a scroll of holy word {unknown}
 m - a scroll of noise {unknown}
 n - a scroll of blinking {unknown}
 o - a scroll of amnesia {unknown}
 q - a scroll of enchant armour {unknown}


   Skills:
 * Level 9.0 Fighting
 - Level 0.3 Short Blades
 - Level 2.9 Dodging
 - Level 2.1 Stealth
 - Level 4.4 Spellcasting


You couldn't memorise any spells.
You knew the following spells:

 Your Spells              Type           Power      Damage    Failure   Level
a - Foxfire               Conj/Fire      88%        2x1d8     1%          1
b - Conjure Flame         Conj/Fire      22%        6-21      6%          3
c - Inner Flame           Hex/Fire       22%        N/A       6%          3
d - Sticky Flame          Conj/Fire      22%        2d4       19%         4
e - Fireball              Conj/Fire      11%        3d7       47%         5
f - Magic Dart            Conj           88%        1d7       1%          1
g - Static Discharge      Conj/Air       22%        N/A       3%          2
h - Lesser Beckoning      Tloc           11%        N/A       6%          3
i - Portal Projectile     Hex/Tloc       44%        N/A       6%          3
Your spell library was empty.

Dungeon Overview and Level Annotations

Branches:
Dungeon (5/15)
 Temple: D:4-7

Altars:
Ashenzari
Dithmenos

Shops:
D:1 !*[=!

Annotations:
D:5 2 runed translucent doors, benadryl's ghost, weakling DDDe


Innate Abilities, Weirdness & Mutations

You are a tree.
Your roots penetrate the ground, keeping you stationary.
You cannot be teleported.
You are immune to unholy pain and torment.
Your maximum health is greatly increased.
Your equipment is partially melded.
You are immune to sickness and miasma.
You are immune to poison.
((Your flesh is very heat resistant. (rF++)))
((You are vulnerable to cold. (rC-)))
You float through the air rather than walking.
You learn spells naturally, not from books.
Your magical power is your life essence.
You have superior vitality. (+4 HP)


Message History

The gnoll is covered in liquid flames!
* * * LOW HITPOINT WARNING * * *
The gnoll burns!
Unknown command.
Unknown command.
Okay, then.
Okay, then.
Okay, then.
Okay, then.
It was a potion of berserk rage.
A red film seems to cover your vision as you go berserk!
You feel yourself moving faster!
You feel mighty!
The gnoll burns!
You kill the gnoll!
Your magical contamination has completely faded away.
Unknown command.
Okay, then.
You barely miss the gnoll shaman.
The gnoll shaman hits you with a +0 club.
* * * LOW HITPOINT WARNING * * *
Unknown command.
You smack the gnoll shaman!
The gnoll shaman is almost dead.
You hear a shout!
The sky beast hits you but does no damage.
Unknown command.
You smack the sky beast!
The sky beast is moderately wounded.
The gnoll shaman hits you with a +0 club.
* * * LOW HITPOINT WARNING * * *
You hit the sky beast.
The sky beast is heavily wounded.
The sky beast hits you but does no damage.
The gnoll shaman hits you but does no damage.
You hit the sky beast.
The sky beast is severely wounded.
A gnoll comes into view. It is wielding a +0 whip.
The sky beast hits you.
* * * LOW HITPOINT WARNING * * *
The sky beast shocks you.
You die...

##.##........$## #.#
###..#.....8...... #.#
#.#..#..Y..######+ #.#.#
########....#gg...#oooo..
#.#.###..........(.g....#Wooo##
#.#...####.###.###g###+##.###..
#.#.#.# #.##.)g.......# .#8#..
###.#.#.####.##Yg####.#### .
......._..##.##.♣# #.#
###...#.#....##..####.###########
#....##...#####..#...............
#....###### #..#.###.#####.####
#....# ########.............>#
#....# #.....##.##.###..####.####
#....###.....##.##.# ##..........
+....'.'........##.####..###.####
#....###.....#####.......###.#


You could see a sky beast, a gnoll shaman and a gnoll.

Vanquished Creatures
  Grinder (D:4)
  Sigmund (D:2)
  An ice beast (D:5)
  A sky beast (D:5)
  A necrophage (D:4)
  3 ogres
  A centaur (D:5)
  A bullfrog (D:5)
  A water moccasin zombie (D:3)
  A bullfrog zombie (D:5)
  3 orc priests
  2 iguanas (D:5)
  A centaur skeleton (D:5)
  2 orc wizards
  A hound skeleton (D:4)
  3 gnolls (D:5)
  7 adders
  3 dart slugs
  13 orcs
  5 ball pythons
  4 bats
  A bat skeleton (D:2)
  A bat zombie (D:2)
  7 endoplasms
  2 giant cockroaches (D:1)
  5 goblins
  3 hobgoblins
  7 jackals
  8 kobolds
  3 quokkas
  2 ball python skeletons (D:2)
  6 frilled lizards
  A giant cockroach zombie (D:2)
  2 quokka skeletons (D:2)
  A quokka zombie (D:2)
  4 rats
109 creatures vanquished.

Vanquished Creatures (collateral kills)
  4 foxfires (D:3)
4 creatures vanquished.

Vanquished Creatures (others)
  352 foxfires
352 creatures vanquished.

Grand Total: 465 creatures vanquished

Notes
Turn   | Place    | Note
-------+----------+-------------------------------------------
     0 | D:1      | dickylongcocking the Djinni Fire Elementalist began the
                  | quest for the Orb.
     0 | D:1      | Reached XP level 1. HP: 15/15 MP: 0/0
   257 | D:1      | Reached XP level 2. HP: 16/21 MP: 0/0
   344 | D:1      | Found Wobrod's Jewellery Shoppe.
   521 | D:1      | Found Xajaq's General Store.
   736 | D:1      | Found Ozitudaed's Distillery.
   736 | D:1      | Found Qumnoif's Armour Shop.
   789 | D:1      | Found Hiatod's Distillery.
  1248 | D:1      | Reached XP level 3. HP: 16/25 MP: 0/0
  1248 | D:1      | Learned a level 1 spell: Magic Dart
  1848 | D:2      | Found a shadowy altar of Dithmenos.
  2087 | D:2      | Noticed Sigmund
  2115 | D:2      | Killed Sigmund
  2116 | D:2      | Reached XP level 4. HP: 4/31 MP: 0/0
  2116 | D:2      | Reached XP level 5. HP: 5/36 MP: 0/0
  2116 | D:2      | Learned a level 2 spell: Static Discharge
  2390 | D:2      | Reached XP level 6. HP: 33/41 MP: 0/0
  2651 | D:1      | Bought a +0 helmet of intelligence for 126 gold pieces
  3534 | D:3      | Reached skill level 1 in Fighting
  3544 | D:3      | Reached skill level 2 in Fighting
  4008 | D:3      | Reached skill level 3 in Fighting
  4153 | D:3      | Found a shadowy altar of Dithmenos.
  4233 | D:3      | Found a faded altar of an unknown god.
  4740 | D:4      | Noticed an ogre
  4746 | D:4      | Killed an ogre
  4747 | D:4      | Reached skill level 4 in Fighting
  4747 | D:4      | Reached XP level 7. HP: 48/52 MP: 0/0
  4747 | D:4      | Learned a level 3 spell: Lesser Beckoning
  5261 | D:4      | Noticed a two-headed ogre
  5350 | D:4      | Reached skill level 5 in Fighting
  5744 | D:4      | Noticed Grinder
  5747 | D:4      | Paralysed by Grinder for 7 turns
  5759 | D:4      | Killed Grinder
  5760 | D:4      | Reached skill level 6 in Fighting
  5760 | D:4      | Reached XP level 8. HP: 34/62 MP: 0/0
  6220 | D:5      | Entered Level 5 of the Dungeon
  6226 | D:5      | Reached skill level 7 in Fighting
  6645 | D:5      | Found a broken altar of Ashenzari.
  6732 | D:5      | Reached skill level 8 in Fighting
  6889 | D:5      | Found a runed translucent gate.
  6890 | D:5      | Found a runed translucent gate.
  6893 | D:5      | Noticed benadryl's ghost (weakling DDDe)
  6895 | D:5      | Identified the +7 hand axe "Woxzipru" {venom, +Blink Fly
                  | rElec Int-5}
  6904 | D:5      | Reached XP level 9. HP: 25/71 MP: 0/0
  6904 | D:5      | Learned a level 3 spell: Portal Projectile
  6928 | D:5      | Reached skill level 9 in Fighting
  6941 | D:5      | HP: 5/162 [gnoll shaman (4)]
  6943 | D:5      | Slain by a sky beast

Illustrated notes

Levels and vault maps discovered:
D:1:      dpeg_arrival_ternary, layout_loops_ring, serial_shops, shop_fountains,
          shop, shop, shop, shop_coins
D:2:      layout_loops_cross, serial_undead, serial_undead_f, serial_undead_f,
          serial_undead_a, serial_undead_d, serial_undead_b, serial_undead_f,
          basic_altar, uniq_sigmund
D:3:      layout_rooms, lemuel_round_altar,
          shapermc_ecumenical_altar_mp_ritualfount, kennysheep_generic_room_10
D:4:      layout_gridville, lightli_corner_chamber, uniq_grinder
D:5:      layout_basic, ashenzari_altar_1, biasface_ghost_orc_armoury,
          st_stairs_4

Skill      XL: |  1  2  3  4  5  6  7  8  9 |
---------------+----------------------------+-----
Spellcasting   | 3 4 |  4.4
Stealth        | 2 |  2.1
Fighting       | 4 6 8 9 |  9.0
Short Blades   | |  0.3
Dodging        | |  2.9

Action                   |  1- 3 |  4- 6 |  7- 9 || total
-------------------------+-------+-------+-------++-------
Melee: Dagger            |    27 |    37 |    23 ||    87
       Unarmed           |       |     1 |     7 ||     8
 Cast: Foxfire           |    83 |    75 |    83 ||   241
       Magic Dart        |     1 |       |     1 ||     2
       Sticky Flame      |       |     3 |    15 ||    18
       Inner Flame       |       |     2 |     8 ||    10
       Fireball          |       |       |     1 ||     1
  Use: Potion            |     1 |     2 |     5 ||     8
       Scroll            |       |     1 |       ||     1
 Stab: Sleeping          |     1 |     1 |       ||     2
Armor: Robe              |    11 |    29 |     6 ||    46
       Skin              |       |     2 |     5 ||     7
Dodge: Dodged            |    40 |    46 |    43 ||   129

Table legend: (Time is in decaauts)
 A = Elapsed time spent in this place.
 B = Non-inter-level travel time spent in this place.
 C = Inter-level travel time spent in this place.
 D = Time resting spent in this place.
 E = Time spent auto-exploring this place.
 F = Levels seen in this place.
 G = Mean time per level.
                   A        B        C        D        E       F      G
               +--------+--------+--------+--------+--------+-----+--------+
         Total |   6937 |   6821 |    116 |   1231 |   4763 |   5 | 1387.4 |
       Dungeon |   6937 |   6821 |    116 |   1231 |   4763 |   5 | 1387.4 |
               +--------+--------+--------+--------+--------+-----+--------+

Top non-repeatable levels by time:
     D:1: 1788 daAuts
     D:4: 1781 daAuts
     D:2: 1348 daAuts
     D:3: 1298 daAuts
     D:5: 720 daAuts
